[Event "Early-Titled-Tuesday-Blitz-February-06-2024"]
[Site "Chess.com"]
[Date "2024.02.06"]
[Round "3"]
[White "Agibileg"]
[Black "Denis_Makhnyov"]
[Result "0-1"]
[WhiteElo "2734"]
[BlackElo "3017"]
[TimeControl "180+1"]
[EndTime "8:27:55 PST"]
[Termination "Denis_Makhnyov won by checkmate"]

1. d4 d5 2. c4 e6 3. Nc3 c6 4.
Nf3 dxc4 5. a4 Bb4 6. e3 b5 7.
axb5 cxb5 8. Bd2 Bxc3 9. Bxc3 a5 10. b3 Bb7 11. bxc4 b4 12. Bb2 Nf6 13. Bd3 O-O 14. O-O Qc7 15. Nd2 Nbd7 16. f3 Rfd8 17. Kh1 h6 18. Bc2 Nb6 19. Bb3 Bc6 20. d5 exd5 21.
Bxf6 gxf6 22. cxd5 Nxd5 23. Qb1 Kg7 24. Rc1 Nc3 25. Qc2 a4 26. Bc4 Ra5 27. Nb1 Rh5 28. f4 Be4 29. Qf2 Qxc4 30. Nd2 Qd5 31. Nf1 Qb7 32. Ng3 Rhd5 33. f5 Rd2 34. Nh5+ Kf8 35. Qh4 Rxg2 36. Nxf6 Rg4+ 37. Nxe4 Qxe4# 0-1

[Event "Early-Titled-Tuesday-Blitz-February-06-2024"]
[Site "Chess.com"]
[Date "2024.02.06"]
[Round "3"]
[White "TigrVShlyape"]
[Black "CarlosjPineror"]
[Result "1-0"]
[WhiteElo "2974"]
[BlackElo "2727"]
[TimeControl "180+1"]
[EndTime "8:27:55 PST"]
[Termination "TigrVShlyape won by resignation"]

1. e4 c5 2. Nf3 e6 3. d4 cxd4 4. Nxd4 a6 5. Nc3 Qc7 6. Qf3 Nf6 7. Qg3 Qxg3 8. hxg3 d6 9. f3 Bd7 10. g4 Nc6 11.
Be3 Nxd4 12. Bxd4 e5 13. Be3 Be6 14. O-O-O Be7 15. g5 Nd7 16. Nd5 Bd8 17. Kb1 Rc8 18.
g3 Rc6 19. c3 Rc8 20. Rd2 Kf8 21.
Rdh2 Kg8 22. Bd3 Nc5 23. Bc2 Bxd5 24. exd5 g6 25. f4 Nd7 26. f5 Bb6 27. Bxb6 Nxb6 28. fxg6 fxg6 29. Bxg6 Rc7 30. Bf5 Rg7 31. g6 h5 32.
Rxh5 Rxh5 33. Rxh5 Kf8 34. Be4 Nd7 35. Rh8+ Ke7 36.
Rh7 Kf8 37. Rh8+ Ke7 38. Bf5 Nf8 39. Rh6 Kf6 40. Be4 Nxg6 41. Kc2 Kg5 42. Rxg6+ Rxg6 43. Bxg6 Kxg6 44. Kd3 Kg5 45. Ke3 Kg4 46. Kf2 b5 47. b3 a5 48. c4 b4 49. Ke3 Kf5 50. Kf3 Kg5 51. Ke4 Kf6 52. g4 Kg6 53. c5 dxc5 54.
Kxe5 Kf7 55. d6 a4 56. Kd5 1-0

[Event "Early-Titled-Tuesday-Blitz-February-06-2024"]
[Site "Chess.com"]
[Date "2024.02.06"]
[Round "3"]
[White "Crazy_girl99"]
[Black "h4parah5"]
[Result "0-1"]
[WhiteElo "2613"]
[BlackElo "2928"]
[TimeControl "180+1"]
[EndTime "8:27:55 PST"]
[Termination "h4parah5 won by resignation"]

1. e4 c5 2. Nf3 e6 3. d4 cxd4 4. Nxd4 a6 5. c4 Nf6 6. Nc3 Qc7 7. a3 Nxe4 8. Nxe4 Qe5 9. Be3 Qxe4 10. Be2 Qxg2 11.
Bf3 Qg6 12. Qd2 Nc6 13. O-O-O Ne5 14. Be2 Nc6 15. Rhg1 Qf6 16. Nxc6 bxc6 17. Bd4 e5 18. Bc3 d6 19. Qe3 c5 20. Bf3 Ra7 21. Kb1 Be7 22. Bc6+ Bd7 23. Bxd7+ Rxd7 24. f4 Qxf4 25. Qxf4 exf4 26.
Rxg7 Rf8 27. Rf1 d5 28. cxd5 Rxd5 29. Rxf4 Rh5 30. Re4 Kd7 31. Rg2 Bd6 32. Rd2 Rxh2 33. Rd1 Rg8 34. Rf4 Rg6 35. Rxf7+ Kc6 36. Ra7 Kb6 37.
Rd7 Bg3 38. a4 h5 39. a5+ Kc6 40. Ra7 Kb5 41. Rb7+ Ka4 42. b3+ Ka3 43. Bb2+ Rxb2+ 44. Ka1 Be5 0-1

[Event "Early-Titled-Tuesday-Blitz-February-06-2024"]
[Site "Chess.com"]
[Date "2024.02.06"]
[Round "3"]
[White "Elsa167"]
[Black "MaxLeto"]
[Result "1-0"]
[WhiteElo "2879"]
[BlackElo "2503"]
[TimeControl "180+1"]
[EndTime "8:27:55 PST"]
[Termination "Elsa167 won on time"]

1. e4 c5 2. Nf3 d6 3. d4 cxd4 4. Nxd4 Nf6 5. Nc3 a6 6. Bc4 e6 7. Bb3 Nbd7 8. f4 Nc5 9. e5 dxe5 10. fxe5 Nfd7 11. Bf4 Nxb3 12. axb3 Qc7 13. Qg4 h5 14. Qe2 Be7 15. O-O-O g5 16. Bg3 h4 17. Nd5 exd5 18.
e6 hxg3 19. exf7+ Kxf7 20. Qe6+ Kf8 21. Rhf1+ Nf6 22. Rxf6+ Bxf6 23. Qxf6+ Kg8 24. Qxg5+ Qg7 25. Qxd5+ Kh7 26. hxg3 Qh6+ 27. Kb1 Rg8 28. Qf7+ Rg7 29. Qe8 a5 30. g4 Rxg4 31. Rf1 Rg7 32. Rf8 Qh1+ 33.
Ka2 1-0

[Event "Early-Titled-Tuesday-Blitz-February-06-2024"]
[Site "Chess.com"]
[Date "2024.02.06"]
[Round "3"]
[White "GrumbleBruno"]
[Black "Vaibhavraut99"]
[Result "0-1"]
[WhiteElo "2475"]
[BlackElo "2723"]
[TimeControl "180+1"]
[EndTime "8:27:55 PST"]
[Termination "Vaibhavraut99 won on time"]

1. e4 c6 2. c4 d5 3. cxd5 cxd5 4.
exd5 Nf6 5. Bb5+ Nbd7 6. Nc3 a6 7. Be2 Nb6 8. Bf3 Nfxd5 9. d4 e6 10. Nge2 Be7 11.
O-O O-O 12. a4 Nxc3 13. bxc3 Bd7 14. Qb3 Bc6 15. Bxc6 bxc6 16. a5 Nd5 17. c4 Rb8 18.
Qg3 Bd6 19. Qf3 Nb4 20. Rd1 Qe7 21. Nc3 c5 22. dxc5 Be5 23. Bf4 Bxf4 24. Qxf4 Qxc5 25. Ne4 Qh5 26. Rd7 Nc6 27. Rad1 Ne5 28. R7d4 Nxc4 29. g4 Qb5 30. Rxc4 e5 31. Qc1 Qxa5 32. h3 h5 33. Rd7 Qb5 34. Rcc7 Qb6 35. Qg5 Qe6 36. gxh5 Qxh3 0-1

[Event "Early-Titled-Tuesday-Blitz-February-06-2024"]
[Site "Chess.com"]
[Date "2024.02.06"]
[Round "3"]
[White "Evgeny81"]
[Black "secrethawk1"]
[Result "0-1"]
[WhiteElo "2704"]
[BlackElo "2492"]
[TimeControl "180+1"]
[EndTime "8:27:55 PST"]
[Termination "secrethawk1 won on time"]

1. e4 c6 2. d4 d5 3. e5 Bf5 4. h4 h5 5. Bd3 Bxd3 6. Qxd3 e6 7. Bg5 Be7 8. Bxe7 Nxe7 9. Nd2 Nf5 10. Ngf3 O-O 11. g3 c5 12. c3 Nc6 13. dxc5 Qc7 14.
Qe2 d4 15. c4 d3 16. Qe4 Rad8 17. Kf1 Nb4 18. Nb3 Nc2 19. Rd1 Nce3+ 20. Ke1 Nxd1 21.
Kxd1 a5 22. a4 Qd7 23. Nfd2 Qxa4 24. Ke1 Qb4 25. Kd1 a4 26. Nc1 Qxb2 27. Nxd3 Qc3 28. Ke2 Nd4+ 29. Ke3 Nc2+ 30. Ke2 Rd4 31. Qf3 Rfd8 32.
Rc1 Rxd3 0-1

[Event "Early-Titled-Tuesday-Blitz-February-06-2024"]
[Site "Chess.com"]
[Date "2024.02.06"]
[Round "3"]
[White "viktorskliarov"]
[Black "InitiatingASC"]
[Result "1-0"]
[WhiteElo "2635"]
[BlackElo "2431"]
[TimeControl "180+1"]
[EndTime "8:27:56 PST"]
[Termination "viktorskliarov won by resignation"]

1. e4 c5 2. Nf3 Nc6 3. Bb5 Nf6 4. Bxc6 bxc6 5. d3 d6 6. e5 Nd5 7. h3 f6 8. exd6 exd6 9. O-O Kf7 10. c4 Nc7 11. Nc3 g6 12. d4 cxd4 13. Qxd4 Bg7 14. Rd1 Ne8 15. Bf4 Be6 16. Ne4 Rf8 17. Nxd6+ Kg8 18.
Nxe8 Qxe8 19. b3 Rd8 20. Qxa7 Bf5 21. Re1 Qf7 22. Qxf7+ Rxf7 23. Rad1 Ra8 24. Rd2 Rfa7 25. Nd4 Rxa2 26. Rxa2 Rxa2 27. Nxf5 gxf5 28. Re6 Rb2 29. Rxc6 Rxb3 30. Rc7 Bf8 31. c5 Rc3 32. c6 Bc5 33.
Rc8+ Kf7 34. c7 Bb6 35. Rh8 1-0

[Event "Early-Titled-Tuesday-Blitz-February-06-2024"]
[Site "Chess.com"]
[Date "2024.02.06"]
[Round "3"]
[White "xakevicius91"]
[Black "kaanadayhamle"]
[Result "1-0"]
[WhiteElo "2606"]
[BlackElo "2412"]
[TimeControl "180+1"]
[EndTime "8:27:56 PST"]
[Termination "xakevicius91 won on time"]

1. e4 e5 2. Nf3 Nf6 3. Nxe5 d6 4. Nf3 Nxe4 5. c4 Be7 6. d3 Nf6 7. Nc3 O-O 8. d4 d5 9. Be2 c6 10. O-O Bg4 11. h3 Bh5 12. Bf4 Nbd7 13. c5 a5 14. a3 Ne4 15. Bd3 Ndf6 16. g4 Bg6 17. Ne5 Nxc3 18.
bxc3 Ne4 19. Qc2 f5 20. f3 Ng5 21. Bxg5 Bxg5 22. f4 Bf6 23. gxf5 Bh5 24. Kh2 b6 25. cxb6 Re8 26. Rab1 Qd6 27. Qf2 Rab8 28. a4 Rec8 29.
c4 c5 30. cxd5 cxd4 31. Qxd4 Rc5 32. Rfc1 Rxc1 33. Rxc1 h6 34. Rc6 Qa3 35. d6 Be8 36.
d7 Qa2+ 37. Rc2 1-0

[Event "Early-Titled-Tuesday-Blitz-February-06-2024"]
[Site "Chess.com"]
[Date "2024.02.06"]
[Round "3"]
[White "chess123456s"]
[Black "epiclord678"]
[Result "1-0"]
[WhiteElo "2540"]
[BlackElo "2400"]
[TimeControl "180+1"]
[EndTime "8:27:56 PST"]
[Termination "chess123456s won on time"]

1. e4 c5 2. Nf3 d6 3. d4 cxd4 4.
Nxd4 Nf6 5. Nc3 a6 6. h3 e5 7. Nb3 h5 8. Bg5 Be7 9. Be2 Be6 10. f4 exf4 11. Bxf4 Nc6 12. O-O h4 13. Kh1 Ne5 14. Nd4 Bd7 15. Bg5 Rc8 16. Nf5 Bxf5 17. Rxf5 b5 18.
Bxf6 Bxf6 19. a4 g6 20. Rf1 Bg7 21. axb5 axb5 22. Bxb5+ Kf8 23. Ra7 Qb6 24. Ra6 Qc5 25. Rxd6 Qc7 26. Rd2 Rh5 27. Nd5 Qb7 28. Be2 Rg5 29.
c3 Rg3 30. Qe1 Bh6 31. Rc2 Kg7 32. Qf2 Bg5 33. Qd4 Re8 34. b4 f6 35. b5 Rd8 36. c4 Be3 37. Qb2 Bg5 38. c5 Qc8 39. Rc3 Rxc3 40. Qxc3 Re8 41. c6 Re6 42. c7 Rd6 43. b6 Nd7 44. b7 Qxb7 45. c8=Q 1-0

[Event "Early-Titled-Tuesday-Blitz-February-06-2024"]
[Site "Chess.com"]
[Date "2024.02.06"]
[Round "3"]
[White "ChEsper99"]
[Black "Rdeux42"]
[Result "0-1"]
[WhiteElo "2207"]
[BlackElo "2441"]
[TimeControl "180+1"]
[EndTime "8:27:56 PST"]
[Termination "Rdeux42 won by resignation"]

1. e4 c5 2. Nf3 d6 3. Bb5+ Bd7 4. Bxd7+ Nxd7 5. O-O Ngf6 6. d3 e6 7. c4 Be7 8. Nc3 O-O 9. h3 Ne5 10. Ne1 a6 11. f4 Nc6 12. Nf3 Rb8 13. a4 Nd7 14.
Be3 Bf6 15. Qd2 Re8 16. d4 cxd4 17. Nxd4 Nc5 18. Nxc6 bxc6 19. Bxc5 dxc5 20. Qxd8 Rexd8 21. e5 Be7 22. Rab1 Rd4 23. b3 Rd3 24. Rf3 Rxf3 25. gxf3 h5 26. Kf2 Kh7 27. Ke3 Kg6 28. Ke4 Rd8 29.
Rd1 Rd4+ 30. Rxd4 cxd4 31. Kxd4 Kf5 32. Ne2 c5+ 33. Ke3 Bh4 34. Nc3 Bg3 35. Ne2 Be1 36. Kd3 h4 37. Ke3 a5 38. Kd3 Bf2 39. Kd2 Bg3 40. Nc1 Bxf4+ 41. Kc2 Bxc1 42. Kxc1 Kxe5 43. Kc2 Kd4 44. Kd2 e5 45. Ke2 g5 46. Kd2 f5 0-1

[Event "Early-Titled-Tuesday-Blitz-February-06-2024"]
[Site "Chess.com"]
[Date "2024.02.06"]
[Round "3"]
[White "Nechitaylo_Nikita"]
[Black "ScofieldMichael01"]
[Result "0-1"]
[WhiteElo "2297"]
[BlackElo "2613"]
[TimeControl "180+1"]
[EndTime "8:27:56 PST"]
[Termination "ScofieldMichael01 won by checkmate"]

1. d4 Nf6 2. c4 c5 3. d5 b5 4. cxb5 a6 5. bxa6 Bxa6 6. Nc3 g6 7. e4 Bxf1 8. Kxf1 d6 9. g3 Bg7 10. Nf3 O-O 11. Kg2 Nbd7 12. a4 Qb6 13. Qc2 Rfb8 14.
Nb5 Ne8 15. Ra3 Nc7 16. Nxc7 Qxc7 17. Nd2 Rb4 18. Nc4 Nb6 19. b3 Nxc4 20. bxc4 Qa7 21.
Bg5 Kf8 22. Rb1 Qa6 23. Rxb4 cxb4 24. Rb3 Qxa4 25. Bd2 Bd4 26. Qb1 Bc5 27. h4 f6 28.
h5 Qa2 29. Qxa2 Rxa2 30. Bxb4 Rxf2+ 31. Kh3 Bxb4 32. Rxb4 Rc2 33. h6 Kf7 34. Rb8 g5 35. Rh8 Kg6 36. Rg8+ Kxh6 37. Re8 Rxc4 38. Rxe7 Kg6 39.
Re6 h5 40. Rxd6 Rxe4 41. Rd7 Re2 42. g4 Re3+ 43. Kg2 hxg4 44. d6 Rd3 45. Rd8 Kf7 46. d7 Ke7 47. Rb8 Kxd7 48. Rb4 f5 49. Rb6 Ke7 50.
Rg6 Kf7 51. Rxg5 Kf6 52. Rg8 Ke5 53. Re8+ Kf4 54. Ra8 Rd2+ 55. Kf1 g3 56. Ra4+ Kf3 57. Kg1 Rd1# 0-1

[Event "Early-Titled-Tuesday-Blitz-February-06-2024"]
[Site "Chess.com"]
[Date "2024.02.06"]
[Round "3"]
[White "Nf3c5"]
[Black "Seochesspie"]
[Result "0-1"]
[WhiteElo "2570"]
[BlackElo "2812"]
[TimeControl "180+1"]
[EndTime "8:27:57 PST"]
[Termination "Seochesspie won by resignation"]

1. e4 c5 2. Nf3 Nc6 3. d4 cxd4 4. Nxd4 e6 5. a3 Qc7 6. Be3 Nf6 7. Nc3 a6 8. f4 d6 9. Qf3 Be7 10. O-O-O Bd7 11.
Rg1 h5 12. h3 h4 13. Be2 Rc8 14.
Kb1 b5 15. Nxc6 Bxc6 16. g4 hxg3 17. Rxg3 Bf8 18. Bd3 Qb7 19. Bd4 a5 20. b4 axb4 21. axb4 Nh5 22. Rg5 Nf6 23. Qe2 Rxh3 24. Rxb5 Bxb5 25.
Bxb5+ Nd7 26. Rd3 Rxd3 27. Qxd3 Kd8 28. Kc1 g6 29. Ba6 Qxb4 30. Bxc8 Kxc8 31. Qa6+ Kd8 32. Nb5 Ke7 33. e5 dxe5 34. Bxe5 Nxe5 35. fxe5 Bh6+ 0-1

[Event "Early-Titled-Tuesday-Blitz-February-06-2024"]
[Site "Chess.com"]
[Date "2024.02.06"]
[Round "3"]
[White "JoachimBN"]
[Black "Keures"]
[Result "0-1"]
[WhiteElo "2607"]
[BlackElo "2440"]
[TimeControl "180+1"]
[EndTime "8:27:57 PST"]
[Termination "Keures won by checkmate"]

1. d4 Nf6 2. c4 c5 3. d5 b5 4.
Qc2 b4 5. e4 d6 6. f4 g6 7. Nf3 Bg7 8. Bd3 O-O 9. O-O e6 10. a3 exd5 11. exd5 Bd7 12. h3 Qc8 13. Kh2 Bf5 14. g4 Bxd3 15. Qxd3 Re8 16. Nbd2 bxa3 17.
Rxa3 Na6 18. Nb3 Nb4 19. Qd1 Re7 20. Bd2 Ne4 21. Be1 Bxb2 22. Ra4 Qe8 23. Bh4 Nc3 24. Qd2 Re2+ 25. Rf2 Rxd2 26. Nbxd2 Nxa4 27. f5 Nd3 28. Rg2 Be5+ 29. Kg1 Nf4 30. Rh2 Nb2 31. Bg5 Nbd3 32.
h4 Rb8 33. Rh1 Rb2 34. Nf1 Ne2+ 35. Kg2 Nd4+ 36. Kh3 Nxf3 37. Ne3 Nxg5+ 38. hxg5 Bf4 39. Ng2 Bxg5 40. Rg1 Qe2 41. Rh1 Qxg2# 0-1

[Event "Early-Titled-Tuesday-Blitz-February-06-2024"]
[Site "Chess.com"]
[Date "2024.02.06"]
[Round "3"]
[White "AndresDelgado77"]
[Black "jasonbolivar"]
[Result "1-0"]
[WhiteElo "2348"]
[BlackElo "2302"]
[TimeControl "180+1"]
[EndTime "8:27:58 PST"]
[Termination "AndresDelgado77 won on time"]

1. e4 c5 2. Nf3 d6 3. d4 cxd4 4.
Qxd4 Bd7 5. Bg5 Nc6 6. Qd2 h6 7. Bh4 g5 8. Bg3 Bg7 9. Nc3 Nf6 10. O-O-O Qa5 11. Kb1 Rc8 12. Nd5 Nxe4 13. Qxa5 Nxa5 14. Re1 f5 15. Bd3 Be6 16. Ne3 Nxg3 17. hxg3 O-O 18. Nf1 Rf6 19. N1d2 Nc6 20. Rxe6 Rxe6 21. Bc4 Nd8 22.
Bxe6+ Nxe6 23. Re1 Kf7 24. Nb3 Nc5 25. Nbd4 e6 26.
b4 Na4 27. Nxe6 Nc3+ 28. Kc1 Bf6 29. a3 Re8 30. Nexg5+ hxg5 31. Rh1 1-0

[Event "Early-Titled-Tuesday-Blitz-February-06-2024"]
[Site "Chess.com"]
[Date "2024.02.06"]
[Round "3"]
[White "Ranindu2003"]
[Black "rasmussvane"]
[Result "0-1"]
[WhiteElo "2720"]
[BlackElo "2961"]
[TimeControl "180+1"]
[EndTime "8:27:59 PST"]
[Termination "rasmussvane won by resignation"]

1. e4 c6 2. d4 d5 3. exd5 cxd5 4. c4 Nf6 5. Nc3 Nc6 6. Nf3 a6 7. c5 Bg4 8. Be3 g6 9. Be2 Bg7 10. h3 Bxf3 11. Bxf3 e6 12. b4 Ng8 13. O-O Nge7 14.
Rb1 Nf5 15. b5 Ncxd4 16. bxa6 Nxf3+ 17. Qxf3 Rxa6 18. Rxb7 O-O 19. Bf4 Ra3 20. Rc1 d4 21. c6 Rxc3 22. Rxc3 dxc3 23. c7 Qd7 24. Rb8 c2 25.
Qb7 Ne7 26. Kh2 Rc8 27. a4 e5 28. Bg5 f6 29. Be3 Kf7 30. a5 Qxc7 31. a6 Qxb7 32.
Rxb7 Ke6 33. a7 Ra8 0-1

[Event "Early-Titled-Tuesday-Blitz-February-06-2024"]
[Site "Chess.com"]
[Date "2024.02.06"]
[Round "3"]
[White "WhiteKnight2612"]
[Black "Der_Balak_3Halak"]
[Result "1-0"]
[WhiteElo "2861"]
[BlackElo "2502"]
[TimeControl "180+1"]
[EndTime "8:27:59 PST"]
[Termination "WhiteKnight2612 won by resignation"]

1. e4 c5 2. Nf3 Nc6 3. Bb5 g6 4. Bxc6 bxc6 5. O-O Bg7 6. e5 d6 7. Re1 Be6 8. h3 Nh6 9. Nc3 O-O 10. d3 Nf5 11.
Bf4 Rb8 12. Rb1 h6 13. Qd2 Kh7 14. Bh2 Qa5 15. a3 Nd4 16. Nxd4 cxd4 17. Ne4 Qxd2 18. Nxd2 dxe5 19. Bxe5 Rb5 20. Bxg7 Kxg7 21. Nf3 c5 22. Re5 Rfb8 23. b3 Kf6 24. a4 Ra5 25. Rbe1 Rd8 26.
Nd2 Rd5 27. R5e2 Ra6 28. Nc4 Rg5 29. Nd2 Kg7 30. Ne4 Re5 31. f4 Rf5 32. g3 Rc6 33. h4 Bd5 34. Nd2 Re6 35. Rxe6 Bxe6 36. Ne4 Rd5 37.
Kf2 Bf5 38. Nd2 Kf6 39. Nc4 e6 40.
Ne5 g5 41. hxg5+ hxg5 42. fxg5+ Kg7 43. Kf3 Bg6 44. Kf4 a5 45. Rh1 f6 46. gxf6+ Kxf6 47. Rh6 Rxe5 48. Rxg6+ Kxg6 49. Kxe5 Kf7 50. g4 Ke7 51. g5 Kd7 52. Kf6 Kd6 53. g6 c4 54.
bxc4 1-0

[Event "Early-Titled-Tuesday-Blitz-February-06-2024"]
[Site "Chess.com"]
[Date "2024.02.06"]
[Round "3"]
[White "B_nn_t"]
[Black "threemind"]
[Result "1-0"]
[WhiteElo "2392"]
[BlackElo "2136"]
[TimeControl "180+1"]
[EndTime "8:27:59 PST"]
[Termination "B_nn_t won by checkmate"]

1. Nf3 Nf6 2. e3 g6 3. c4 Bg7 4. Nc3 O-O 5. Be2 c6 6. O-O d5 7. b3 a5 8. Bb2 a4 9. Nxa4 dxc4 10. Nc3 cxb3 11. axb3 Rxa1 12. Qxa1 Nbd7 13. h3 Nc5 14. d4 Nxb3 15. Qa4 Na5 16. Ra1 b6 17. Ne5 Bd7 18. Nxd7 Nxd7 19. Bf3 Qc7 20. Qb4 c5 21. dxc5 Nxc5 22. Nd5 Qd6 23. Bxg7 Kxg7 24. Nxb6 Nab3 25. Ra7 Rb8 26. Qc3+ Qf6 27. Qxf6+ exf6 28. Nc4 Ne6 29.
Bd5 Nbc5 30. Nd6 Rd8 31. Bxe6 Rxd6 32. Rxf7+ Kh6 33. Bc4 f5 34. Rc7 Ne4 35. Bg8 Rd1+ 36. Kh2 Nxf2 37. Rxh7+ Kg5 38. Rg7 Rh1+ 39. Kg3 Ne4+ 40.
Kf3 Rf1+ 41. Ke2 Rf2+ 42. Kd3 Rxg2 43. Bd5 Rd2+ 44. Kc4 Rc2+ 45. Kd3 Rc3+ 46. Kd4 Rc1 47. Bxe4 fxe4 48. Kxe4 Rh1 49. Rh7 Ra1 50. Kf3 Rf1+ 51. Kg3 Rg1+ 52. Kf3 Rf1+ 53. Ke4 Rh1 54. Ke5 Re1 55. e4 Re3 56. h4+ Kg4 57. Rg7 Kh5 58.
Kd5 Rd3+ 59. Ke6 Rd4 60. e5 Rxh4 61. Rh7+ Kg5 62. Rxh4 Kxh4 63. Kf6 g5 64. e6 g4 65. e7 g3 66. e8=Q g2 67. Qg8 Kh3 68. Kf5 Kh2 69. Qh7+ Kg1 70. Kg4 Kf2 71. Qc2+ Kf1 72. Qd1+ Kf2 73.
Qf3+ Kg1 74. Kg3 Kh1 75. Qxg2# 1-0

[Event "Early-Titled-Tuesday-Blitz-February-06-2024"]
[Site "Chess.com"]
[Date "2024.02.06"]
[Round "3"]
[White "karinachess1"]
[Black "Rikikits"]
[Result "0-1"]
[WhiteElo "2628"]
[BlackElo "2838"]
[TimeControl "180+1"]
[EndTime "8:28:00 PST"]
[Termination "Rikikits won by resignation"]

1. d4 d5 2. c4 c6 3. Nf3 Nf6 4. g3 g6 5. b3 Bg7 6. Bb2 O-O 7. Bg2 a5 8. Nc3 Bf5 9. O-O Ne4 10. Nh4 Nxc3 11.
Bxc3 Be6 12. c5 Nd7 13. Qd2 f5 14. Nf3 Nf6 15. Ng5 Bd7 16. f3 Bh6 17. h4 Nh5 18.
Kf2 f4 19. g4 Ng3 20. Rfe1 e6 21. e3 fxe3+ 22. Qxe3 Ne4+ 23. Kg1 Nxg5 24. hxg5 Bxg5 25. Qd3 Bf4 26. Bd2 Bg3 27. Re2 Qh4 28. Bh1 Rf7 29.
Rf1 a4 30. b4 Raf8 31. Be1 e5 32. Bxg3 Qxg3+ 33. Rg2 Qf4 34. dxe5 Qxe5 35. Re2 Qg3+ 36. Bg2 Bxg4 37. Ref2 Bf5 38. Qe3 h5 39. Qh6 Rh7 40. Qe3 h4 0-1

[Event "Early-Titled-Tuesday-Blitz-February-06-2024"]
[Site "Chess.com"]
[Date "2024.02.06"]
[Round "3"]
[White "Herman-NY"]
[Black "baki83"]
[Result "0-1"]
[WhiteElo "2498"]
[BlackElo "2808"]
[TimeControl "180+1"]
[EndTime "8:28:00 PST"]
[Termination "baki83 won on time"]

1. e4 c5 2. Nf3 d6 3. d4 cxd4 4. Nxd4 Nf6 5. Nc3 Nc6 6. Bc4 e6 7. Be3 a6 8. Qe2 Bd7 9. O-O-O Qc7 10. Bb3 Na5 11. g4 Nxb3+ 12. axb3 Bc6 13. f3 Be7 14. g5 Nd7 15. h4 b5 16. h5 b4 17.
Na4 Bxa4 18. bxa4 Nc5 19. b3 O-O-O 20. Kb1 d5 21. e5 Kb7 22. Bc1 Rc8 23. Rdg1 Nd7 24.
Re1 Qb6 25. Qd1 Rc7 26. Rh2 Rhc8 27. Rg2 g6 28. Rh2 Nb8 29. hxg6 hxg6 30. Rh7 Bc5 31. Bb2 Nc6 32. Nxc6 Qxc6 33. Re2 Bb6 34. Qd3 a5 35. Reh2 Qc5 36. Ka2 Qg1 37. f4 Qe3 38.
Qxe3 Bxe3 39. R2h4 Rxc2 40. Rxf7+ Kb6 41. Rhh7 Bd4 42.
Rb7+ Ka6 0-1

[Event "Early-Titled-Tuesday-Blitz-February-06-2024"]
[Site "Chess.com"]
[Date "2024.02.06"]
[Round "3"]
[White "Problematique_99"]
[Black "ozates"]
[Result "0-1"]
[WhiteElo "2423"]
[BlackElo "2633"]
[TimeControl "180+1"]
[EndTime "8:28:00 PST"]
[Termination "ozates won by resignation"]

1. a3 c5 2. b4 cxb4 3. axb4 a6 4.
e4 e5 5. b5 Nf6 6. Nc3 Bc5 7.
Bc4 O-O 8. Nf3 d6 9. O-O h6 10. d3 Be6 11. Nd2 Nbd7 12. bxa6 bxa6 13. Bxe6 fxe6 14.
Nb3 Bb6 15. Be3 a5 16. h3 Bxe3 17. fxe3 Qb6 18. Qd2 Rfc8 19. Na4 Qb4 20. Ra2 Rc6 21.
Rb1 Rac8 22. Qxb4 axb4 23. Na1 d5 24. Rxb4 dxe4 25. dxe4 Rc4 26. Rab2 Nxe4 27. Rxc4 Rxc4 28. Nb6 Nxb6 29. Rxb6 Kf7 30. Kh2 g5 31. Rb2 h5 32.
Nb3 Rc3 33. Nc1 Rxe3 34. Nd3 Nf6 35. Rb7+ Kg6 36. Nc5 g4 37. Kg1 g3 38. Kf1 Ne4 39.
Nxe4 Rxe4 40. Rb3 h4 41. Rb8 Rf4+ 42. Kg1 Rf2 43. Rg8+ Kf7 44. Rc8 e4 45. Rc3 Kf6 46. Re3 Ke5 47. Ra3 Rxc2 0-1

[Event "Early-Titled-Tuesday-Blitz-February-06-2024"]
[Site "Chess.com"]
[Date "2024.02.06"]
[Round "3"]
[White "Statham_01"]
[Black "frequentblunders"]
[Result "1-0"]
[WhiteElo "2533"]
[BlackElo "2188"]
[TimeControl "180+1"]
[EndTime "8:28:00 PST"]
[Termination "Statham_01 won by checkmate"]

1. e4 e6 2. d4 c5 3. Nf3 cxd4 4. Nxd4 Nf6 5. Nc3 a6 6. e5 Nd5 7. Ne4 Nc6 8. Nxc6 dxc6 9. c4 Nb6 10. Bg5 Be7 11.
Nd6+ Kf8 12. Qf3 f6 13. O-O-O Bd7 14. exf6 Bxf6 15. Ne4 Kf7 16. Qh5+ Ke7 17. Bxf6+ gxf6 18. Qh4 Qf8 19. Qf4 Rd8 20. Be2 e5 21. Qe3 Nc8 22.
Bh5 b6 23. f4 f5 24. Ng5 e4 25. g4 Be6 26. Nxe6 Kxe6 27. Rhg1 Ne7 28. gxf5+ Nxf5 29. Qxe4+ Kf6 30. Qe5# 1-0

[Event "Early-Titled-Tuesday-Blitz-February-06-2024"]
[Site "Chess.com"]
[Date "2024.02.06"]
[Round "3"]
[White "KuzubovYuriy"]
[Black "Chessdude1987"]
[Result "1-0"]
[WhiteElo "2901"]
[BlackElo "2283"]
[TimeControl "180+1"]
[EndTime "8:28:00 PST"]
[Termination "KuzubovYuriy won on time"]

1. d4 e6 2. Nf3 f5 3. g3 Nf6 4. Bg2 Be7 5. c4 O-O 6. Nc3 d6 7. Qd3 Nc6 8. d5 Nb4 9. Qd1 e5 10.
a3 Na6 11. b4 Nb8 12. O-O a5 13. Bg5 axb4 14. axb4 Rxa1 15. Qxa1 Na6 16. Qa5 h6 17. Bxf6 Bxf6 18. e4 f4 19. Nd2 g5 20.
c5 b6 21. cxb6 cxb6 22. Qa4 Qd7 23. Rb1 Qb7 24. Bf1 Nc7 25. Qc6 Rd8 26. Ra1 Qb8 27. Nc4 Be7 28. Qxb6 Bb7 29. Na5 Ba8 30. Qxb8 Rxb8 31. b5 Bd8 32. Nc6 Rc8 33. b6 Nxd5 34. exd5 Bxc6 35. dxc6 Bxb6 36. Bg2 Bd4 37. Rc1 Kg7 38. Nb5 Bc5 39. c7 Kf6 40. Bb7 1-0

[Event "Early-Titled-Tuesday-Blitz-February-06-2024"]
[Site "Chess.com"]
[Date "2024.02.06"]
[Round "3"]
[White "CSB7"]
[Black "vi_pranav"]
[Result "1/2-1/2"]
[WhiteElo "2752"]
[BlackElo "3045"]
[TimeControl "180+1"]
[EndTime "8:28:01 PST"]
[Termination "Game drawn by repetition"]

1. e4 e5 2. Nf3 Nc6 3. Bb5 a6 4. Ba4 Nf6 5. O-O b5 6. Bb3 Bc5 7. a4 Rb8 8. c3 d6 9. d4 Bb6 10. a5 Ba7 11. h3 O-O 12. Be3 Ra8 13. Re1 h6 14. Nbd2 Re8 15. Nf1 exd4 16. cxd4 Rxe4 17. Ng3 Re8 18. Qd2 d5 19. Bxh6 Ne4 20. Nxe4 dxe4 21. Ng5 Rf8 22. Qf4 Qxd4 23. Bxf7+ Kh8 24. Re3 Qd6 25.
Bxg7+ Kxg7 26. Ne6+ Bxe6 27. Rg3+ Bg4 28. Rxg4+ Kh8 29. Rh4+ Kg7 30. Rg4+ Kh8 31. Rh4+ Kg7 32. Rg4+ 1/2-1/2

[Event "Early-Titled-Tuesday-Blitz-February-06-2024"]
[Site "Chess.com"]
[Date "2024.02.06"]
[Round "3"]
[White "Chesstrainer1"]
[Black "Mops_2004"]
[Result "1-0"]
[WhiteElo "2483"]
[BlackElo "2664"]
[TimeControl "180+1"]
[EndTime "8:28:01 PST"]
[Termination "Chesstrainer1 won on time"]

1. e4 c6 2. d4 d5 3. e5 Bf5 4.
h4 h5 5. Bd3 Bxd3 6. Qxd3 Qa5+ 7. Nd2 e6 8. Nf3 Nh6 9. O-O Nf5 10. Nb3 Qa6 11. Qd1 b6 12. a4 c5 13. a5 c4 14.
axb6 Qxb6 15. Na5 Bb4 16. Bd2 O-O 17. Bxb4 Qxb4 18. b3 cxb3 19. cxb3 Rc8 20. Ra4 Qc3 21. Qa1 Qd3 22. Rd1 Qe4 23. Nb7 Nc6 24. Nd6 Nxd6 25.
exd6 Qf4 26. Ne5 Kh7 27. d7 Nxe5 28. dxc8=Q Ng4 29. Qb1+ g6 30. Qcc2 Qh2+ 31. Kf1 Qh1+ 32. Ke2 Qxg2 33. Rf1 e5 34. Qd3 exd4 35. Qg3 Re8+ 36. Kd2 1-0

[Event "Early-Titled-Tuesday-Blitz-February-06-2024"]
[Site "Chess.com"]
[Date "2024.02.06"]
[Round "3"]
[White "Kostya0705"]
[Black "Juicy_Fork"]
[Result "1-0"]
[WhiteElo "2620"]
[BlackElo "2422"]
[TimeControl "180+1"]
[EndTime "8:28:01 PST"]
[Termination "Kostya0705 won by checkmate"]

1. e4 e5 2. Nf3 Nc6 3. Bc4 Nf6 4. d4 exd4 5. e5 Ne4 6. O-O Nc5 7. Nxd4 Nxd4 8. Qxd4 Ne6 9. Qd1 Be7 10. Nc3 O-O 11. Nd5 Bc5 12. b4 Bb6 13. Nxb6 axb6 14. Bb2 Qe7 15. a3 Rd8 16. f4 d5 17. exd6 Rxd6 18. Qe1 Qd8 19. f5 Nd4 20. f6 g6 21.
Rd1 Bf5 22. Qe3 Ne6 23. Rxd6 Qxd6 24. Rxf5 gxf5 25. Bxe6 Qxe6 26. Qg5+ Kf8 27. h3 Rd8 28.
Qg3 Ke8 29. Be5 Rd1+ 30. Kh2 Kd7 31. Qf4 c6 32. b5 cxb5 33. Kg3 Rd5 34. Bc7 Qe1+ 35.
Kh2 Qe4 36. Qg3 Rd1 37. Bb8 Qc6 38. Qg8 Ke6 39. Qg3 Qd7 40. Qe5# 1-0